AoeStats
← gifted

Arabia

510258780Analyzed
3v3 RM · 1d ago on Sep 30, 2026· 23m 0s· 6 players
Game mode
Random Map
Map size
Normal (6 player)
Population
200
Speed
Normal
Resources
Standard
Victory
Conquest
Starting age
Dark Age
Ending age
Imperial Age
RankedLock teamsTeams togetherTeam positionsShared explorationLock speedFull tech treeHidden civsTurbo modeCheats
Victory
Defeat
🇫🇮 Ethiopians · Finland
1875
+2
🇲🇽 Chinese · Mexico
1769
+3
🇲🇽 Persians · Mexico
1766
+3
🇦🇺 Persians · Australia
1455
-3
🇮🇳 Koreans · India
1418
-3
🇹🇼 Burgundians · Taiwan
1300
-2
[KT] QIN
7:16 Loom
9:16 Feudal Age
11:15 Scale Barding Armor
11:21 Forging
14:57 Horse Collar
17:26 Bloodlines
19:19 Double-Bit Axe
22:29 Castle Age
20:52 Gold Mining
23:23 Chain Barding Armor
23:38 Iron Casting
22:27 Light Cavalry
23:07 Husbandry
Estan_Jugando_?
0:26 Loom
Kingzito
6:05 Loom
8:23 Feudal Age
8:57 Double-Bit Axe
13:40 Fletching
22:24 Castle Age
21:36 Padded Archer Armor
21:27 Gold Mining
21:18 Horse Collar
22:56 Crossbowman
23:31 Bodkin Arrow
IAMDAGG
10:11 Feudal Age
8:53 Horse Collar
13:07 Loom
saksham
7:12 Loom
10:38 Feudal Age
11:29 Town Watch
18:06 Double-Bit Axe
19:13 Fletching
gifted
8:19 Feudal Age
7:30 Loom
8:57 Double-Bit Axe
Connection lost

Rejoining the realm…

Still unreachable

The connection could not be restored.

Session expired

The server has moved on; the page needs a fresh start.